 Dungeon Crawl Stone Soup version 0.30-a0-219-gf2db51d15e (webtiles) character file.

Game seed: 14943006319187257216

84 BlueGoblin the Grave Robber (level 4, 0/30 HPs)
             Began as a Mummy Necromancer on Oct 7, 2022.
             Slain by a gnoll
             ... wielding a +0 spear
              (4 damage)
             ... on level 4 of the Dungeon.
             The game lasted 00:04:31 (3207 turns).

BlueGoblin the Grave Robber (Mummy Necromancer)     Turns: 3207, Time: 00:04:32

Health: 0/30       AC:  3    Str: 11    XL:     4   Next: 24%
Magic:  2/9        EV: 12    Int: 16    God:
Gold:   207        SH:  0    Dex: 18    Spells: 3/10 levels left

rFire   x . .      SeeInvis .    d - +0 dagger
rCold   + . .      Faith    +    (no shield)
rNeg    + + +      Spirit   .    a - +0 robe
rPois   ∞          Reflect  .    (no helmet)
rElec   .          Harm     .    f - +0 cloak
rCorr   .          Rampage  .    (no gloves)
Will    .....                    (no boots)
Stlth   ++........               (no amulet)
HPRegen 0.25/turn                j - +6 ring of dexterity
MPRegen 0.11/turn                (no ring)

@: animating dead
A: cold resistance 1, negative energy resistance 3, torment resistance 2, heat
vulnerability 1, in touch with death 1, no potions, faith
a: no special abilities


You were on level 4 of the Dungeon.
You visited 1 branch of the dungeon, and saw 4 of its levels.

You collected 207 gold pieces.

Inventory:

Hand Weapons
 d - a +0 dagger (weapon)
Armour
 a - a +0 robe (worn)
 f - a +0 cloak (worn)
Jewellery
 j - a +6 ring of dexterity (left hand)
Scrolls
 c - 2 scrolls of amnesia
 e - 2 scrolls of identify
 g - a scroll of immolation
 k - a scroll of poison


   Skills:
 + Level 0.2 Fighting
 + Level 1.7 Dodging
 - Level 1.5 Stealth
 + Level 3.9 Spellcasting
 + Level 5.1 Necromancy


You had 3 spell levels left.
You knew the following spells:

 Your Spells              Type           Power      Damage    Failure   Level
a - Animate Dead          Necr           29%        N/A       21%         4
q - Vampiric Draining     Necr           29%        2d8       6%          3

Your spell library contained the following spells:

 Spells                   Type           Power      Damage    Failure   Level
 Necrotise                Necr           100%       1d9       1%          1
 Summon Guardian Golem    Hex/Summ       3%         N/A       45%         3
 Agony                    Necr           29%        N/A       50%         5
 Orb of Destruction       Conj           1%         9d5       100%        7
 Spellforged Servitor     Conj/Summ      1%         N/A       100%        7


Dungeon Overview and Level Annotations

Branches:
Dungeon (4/15)
 Temple: D:4-7

Altars:
Ashenzari

Shops:
D:2 ?   D:3 (

Portals:
Ossuary: D:4


Innate Abilities, Weirdness & Mutations

You are immune to poison.
Your flesh is cold resistant. (rC+)
You are immune to negative energy. (rN+++)
You are immune to unholy pain and torment.
You are vulnerable to heat. (rF-)
You are in touch with the powers of death.
You do not drink.
You have a special connection with the divine. (Faith)


Message History

Nothing quivered!
Cast which spell? (? or * to list)
The spell is extremely dangerous to miscast (21% risk of failure)!
Continue anyway?
You feel a surge of power!
You call upon the dead to rise.
You hear the slow hiss of an avalanche of sand nearby.
Nothing quivered!
Nothing quivered!
You barely miss the gnoll. The gnoll hits you with a +0 club.
You closely miss the gnoll. The gnoll barely misses you.
You closely miss the gnoll. The gnoll hits you with a +0 club.
The gnoll completely misses you.
You hit the gnoll but do no damage. The gnoll barely misses your butterfly.
The gnoll hits you from afar with a +0 spear!
The gnoll hits you with a +0 club.
Nothing quivered!
You are too injured to fight recklessly!
Nothing quivered!
You are too injured to fight recklessly!
Nothing quivered!
You are too injured to fight recklessly!
You are too injured to fight recklessly!
Casting: Animate Dead (extremely dangerous; 21% risk of failure)
Confirm with . or Enter, or press ? or * to list all spells.
Okay, then.
Unknown command.
Adjust (i)tems, (s)pells, or (a)bilities?
Adjust which spell? b - Vampiric Draining Adjust to which letter? q - Vampiric Draining
Casting: Animate Dead (extremely dangerous; 21% risk of failure)
Confirm with . or Enter, or press ? or * to list all spells.
Aiming: Vampiric Draining (dangerous; 6% risk of failure)
Press: ? - help, Shift-Dir - straight line, f - gnoll
Aim: a gnoll, wielding a +0 club You feel a surge of power!
You draw life force from the gnoll!
You feel life coursing into your body. The gnoll hits you with a +0 club. x2
* * * LOW HITPOINT WARNING * * *
The gnoll hits you from afar with a +0 spear.
You die... #####....# ................# #...............# #...............# #.....$b........# ## #..b.......b....# ##8# #....gb..b......# #bbb #....g.........b###bbb #...g@b..b.....bb.b.bb .# ###......bb....+.b###bbb ..# ....b...#.........# #bbb

..##
........#####.#...#
##8# .....
....b...# #.#...#
## ...... ........#
#.#...# ......
........#####b#...#
......
.........b>.......#
.#....
.........b..b.....#
###


You could see 3 gnolls.

Vanquished Creatures
  2 adders (D:3)
  2 adder skeletons (D:2)
  A dart slug (D:2)
  5 orcs (D:3)
  A bat skeleton (D:2)
  2 endoplasms (D:1)
  6 giant cockroaches
  2 goblins
  3 hobgoblins
  3 quokkas
  5 ball pythons
  7 bats
  4 frilled lizards
  A giant cockroach zombie (D:2)
  4 kobolds
  A rat (D:1)
49 creatures vanquished.

Vanquished Creatures (collateral kills)
  A dart slug (D:1)
  A frilled lizard (D:2)
2 creatures vanquished.

Vanquished Creatures (others)
  A withered plant (D:2)
1 creature vanquished.

Grand Total: 52 creatures vanquished

Notes
Turn   | Place    | Note
-------+----------+-------------------------------------------
     0 | D:1      | BlueGoblin the Mummy Necromancer began the quest for the
                  | Orb.
     0 | D:1      | Reached XP level 1. HP: 13/13 MP: 4/4
   348 | D:1      | Reached XP level 2. HP: 19/19 MP: 3/6
   586 | D:1      | Found a faded altar of an unknown god.
  1093 | D:2      | Gained mutation: You are in touch with the powers of death.
                  | [Mummy growth]
  1093 | D:2      | Reached XP level 3. HP: 21/24 MP: 3/7
  1546 | D:2      | Found Defe's Magic Scroll Emporium.
  2128 | D:3      | Learned a level 3 spell: Vampiric Draining
  2139 | D:3      | Found a broken altar of Ashenzari.
  2379 | D:3      | Reached XP level 4. HP: 26/30 MP: 2/9
  2389 | D:3      | Reached skill level 5 in Necromancy
  2737 | D:3      | Found Hijoizoa's Weapon Shoppe.
  3167 | D:4      | Found a sand-covered staircase.
  3187 | D:4      | Learned a level 4 spell: Animate Dead
  3207 | D:4      | Slain by a gnoll

Illustrated notes

Levels and vault maps discovered:
D:1:      minmay_arrival_loop, layout_basic,
          dreamdust_ecumenical_altar_hidden_monk_grotto
D:2:      layout_basic, serial_undead, serial_undead_b, serial_undead_a,
          serial_undead_d, serial_undead_e, serial_shops,
          nicolae_shop_behind_doors
D:3:      layout_loops_ring, mainiacjoe_overflow_alcove_1, elyvilon_altar_3,
          serial_shops, nicolae_shop_stone
D:4:      layout_basic, tgw_trog, chequers_ossuary_entry_cave

Skill      XL: |  1  2  3  4 |
---------------+-------------+-----
Spellcasting   | 3 |  3.9
Necromancy     | 5 |  5.1
Fighting       | |  0.2
Dodging        | |  1.7
Stealth        | |  1.5

Action                   |  1- 3 |  4- 6 || total
-------------------------+-------+-------++-------
Melee: Unarmed           |     9 |       ||     9
       Dagger            |    39 |     9 ||    48
 Cast: Necrotise         |    72 |    11 ||    83
       Animate Dead      |       |     1 ||     1
       Vampiric Draining |       |     1 ||     1
  Use: Scroll            |       |     6 ||     6
Armor: Robe              |    27 |       ||    27
Dodge: Dodged            |    66 |     6 ||    72

Table legend: (Time is in decaauts)
 A = Elapsed time spent in this place.
 B = Non-inter-level travel time spent in this place.
 C = Inter-level travel time spent in this place.
 D = Time resting spent in this place.
 E = Time spent auto-exploring this place.
 F = Levels seen in this place.
 G = Mean time per level.
                   A        B        C        D        E       F      G
               +--------+--------+--------+--------+--------+-----+--------+
         Total |   3206 |   3024 |    182 |      0 |   2632 |   4 |  801.5 |
       Dungeon |   3206 |   3024 |    182 |      0 |   2632 |   4 |  801.5 |
               +--------+--------+--------+--------+--------+-----+--------+

Top non-repeatable levels by time:
     D:1: 1065 daAuts
     D:2: 1030 daAuts
     D:3: 968 daAuts
     D:4: 141 daAuts
